 Dungeon Crawl Stone Soup version 0.23-a0-394-g6ce9549 (webtiles) character file.

30 CrossKnight the Shield-Bearer (level 3, -7/36 HPs)
             Began as a Troll Fighter on Oct 31, 2018.
             Mangled by Sigmund
             ... wielding a +0 scythe
              (13 damage)
             ... on level 2 of the Dungeon.
             The game lasted 00:07:09 (855 turns).

CrossKnight the Shield-Bearer (Troll Fighter)        Turns: 855, Time: 00:07:10

Health: -7/36      AC:  5    Str: 24    XL:     3   Next: 5%
Magic:  2/2        EV:  8    Int:  5    God:
Gold:   39         SH:  9    Dex:  9    Spells: 2/2 levels left

rFire    . . .     SeeInvis .   a - +1 long sword
rCold    . . .     Gourm    +   c - +1 shield
rNeg     . . .     Faith    .   b - +0 robe
rPois    .         Spirit   .   (helmet restricted)
rElec    .         Reflect  .   (no cloak)
rCorr    +         Harm     .   (gloves unavailable)
MR       .....     Rnd*Tele +   (boots unavailable)
Stlth    +.........             (no amulet)
HPRegen  0.52/turn              o - ring of teleportation (curse)
MPRegen  0.08/turn              n - ring of resist corrosion

@: lethally poisoned (-7 -> -8)
A: large, unfitting armour, claws 3, fast metabolism 3, gourmand, regeneration
1, shaggy fur 1, tough skin 2
a: no special abilities


You were on level 2 of the Dungeon.
You were hungry.

You visited 1 branch of the dungeon, and saw 2 of its levels.

You collected 39 gold pieces.

Inventory:

Hand Weapons
 a - a +1 long sword (weapon)
Armour
 b - a +0 robe (worn)
 c - a +1 shield (worn)
Jewellery
 n - a ring of resist corrosion (right claw)
 o - a cursed ring of teleportation (left claw)
Scrolls
 k - 3 scrolls of identify
 p - 2 scrolls of remove curse
Potions
 d - a potion of might
 e - a potion of haste {unknown}
 g - a potion of brilliance {unknown}
 h - a potion of magic {unknown}
 i - a potion of agility {unknown}
Comestibles
 f - 3 rations


   Skills:
 + Level 2.6 Fighting
 + Level 1.9 Long Blades
 + Level 2.8 Dodging
 + Level 2.8 Shields


You had 2 spell levels left.
You didn't know any spells.
Your spell library was empty.

Dungeon Overview and Level Annotations

Branches:
Dungeon (2/15)

Altars:

Annotations:
D:2 Sigmund


Innate Abilities, Weirdness & Mutations

You are too large for most types of armour.
You have claws for hands.
Your metabolism is lightning-fast.
You like to eat raw meat.
Your natural rate of healing is unusually fast.
You are covered in fur. (AC +1)
You have very tough skin. (AC +2)


Message History

Your +0 long sword glows red for a moment.
You feel sick. You block the adder's attack.
As you read the scroll labeled WOK JIOROASTAV, it crumbles to dust.
You hear a loud clanging noise!
It was a scroll of noise.
You hear a shout! x2
You block the adder's attack. The adder bites you.
You are more poisoned.
The adder poisons you! Something hits you. The adder completely misses you.
As you read the scroll labeled VEVALO LIYQI, it crumbles to dust.
It is a scroll of enchant armour.
Your +0 shield glows green for a moment.
You feel sick.
The adder seems to regain its courage.
The kobold seems to regain its courage.
The adder bites you but does no damage. You block the adder's attack.
The adder barely misses you. Something hits you!
* * * LOW HITPOINT WARNING * * *
Your shield prevents you from hitting the adder.
The adder seems to regain its courage.
The adder barely misses you.
You block the adder's attack. x2; Something hits you!
You die...

#>...).........
#.#######.#####
#.# #.# #w# #.#
#.# #.##### #
######.###
#......
#.#........#
#######
#.').......#
###..@.....#
#..SS....#
#....K.(.#
#........#
#........#
#........#
#....g...#
#........#
#.....g..#


You could see 2 adders, a hobgoblin and a kobold.

Vanquished Creatures
  A dart slug (D:1)
  2 bats (D:1)
  3 giant cockroaches
  5 goblins
  4 hobgoblins (D:1)
  4 jackals (D:1)
  2 kobolds (D:1)
  3 rats (D:1)
24 creatures vanquished.

Notes
Turn   | Place    | Note
-------+----------+-------------------------------------------
     0 | D:1      | CrossKnight the Troll Fighter began the quest for the Orb.
     0 | D:1      | Reached XP level 1. HP: 22/22 MP: 0/0
   194 | D:1      | Reached XP level 2. HP: 29/29 MP: 1/1
   812 | D:2      | Reached XP level 3. HP: 35/36 MP: 2/2
   837 | D:2      | Noticed Sigmund
   855 | D:2      | Mangled by Sigmund

Vault maps used:
D:1:      minmay_arrival_stone_box
D:2:      lemuel_doored_altar, uniq_sigmund, uniq_robin

Action                   || total
-------------------------++-------
Melee: Long sword        ||    53
  Use: Scroll            ||     5
 Stab: Fleeing           ||     1
  Eat: Ration            ||     1
       Chunk             ||     1
Armor: Robe              ||    56
Dodge: Dodged            ||    42
Block: Shield            ||    56
       Rpst.: Long sword ||    17

Table legend:
 A = Non-vault XP
 B = Vault XP
 C = Vault XP percentage of total XP
 D = Non-vault monster count
 E = Vault monster count
 F = Vault count percentage of total count
                 A         B        C        D         E       F
            +---------+---------+-------+---------+---------+-------
      Total |      44 |       0 |   0.0 |      24 |       0 |   0.0
            +---------+---------+-------+---------+---------+-------
        D:1 |      38 |       0 |   0.0 |      21 |       0 |   0.0
        D:2 |       6 |       0 |   0.0 |       3 |       0 |   0.0
            +---------+---------+-------+---------+---------+-------
